 Dungeon Crawl Stone Soup version 0.31.0-32-g396128a36d (webtiles) character file.

Game seed: 18099053036654853675

3708 belegose the Covert (level 10, -4/88 HPs)
             Began as a Naga Monk on Apr 24, 2024.
             Was an Elder of Zin.
             Slain by a vampire
             ... wielding a +0 vampiric halberd
              (20 damage)
             ... in a bailey.
             The game lasted 00:31:03 (9245 turns).

belegose the Covert (Naga Monk)                     Turns: 9245, Time: 00:31:05

Health: -4/88      AC:  8    Str: 13    XL:     10   Next: 14%
Magic:  14/14      EV:  6    Int: 16    God:    Zin [****..]
Gold:   360        SH: 15    Dex: 19    Spells: 13/15 levels left

rFire   . . .        a - +0 falchion
rCold   . . .        B - +0 tower shield
rNeg    + . .        I - +1 robe {Will+}
rPois   +            j - +1 helmet
rElec   .            (no cloak)
rCorr   .            C - +0 pair of gloves
SInv    +            (no barding)
Will    ++...        D - amulet of the acrobat
Stlth   +++++        i - ring of positive energy
HPRegen 0.34/turn    v - +6 ring of dexterity
MPRegen 0.14/turn

%: acrobat
@: reciting, very slow
A: AC +3, large, see invisible, deformed body, poison resistance, slowness 2,
spit poison 1, naga tail 1
a: Spit Poison, Renounce Religion, Recite, Vitalisation, Imprison, Donate Gold


You were in a bailey.
You worshipped Zin.
Zin was greatly pleased with you.
You visited 2 branches of the dungeon, and saw 9 of its levels.
You also visited: Bailey.

You collected 399 gold pieces.
You donated 39 gold pieces to Zin.

Inventory:

Hand Weapons
 a - a +0 falchion (weapon)
 b - a +2 dagger of venom
 J - a +0 spear
Missiles
 d - 6 poisoned darts
 m - 52 stones
 r - 15 boomerangs (quivered)
 w - 2 curare-tipped darts
Armour
 j - a +1 helmet (worn)
 B - a +0 tower shield (worn)
 C - a +0 pair of gloves (worn)
 I - a +1 robe of willpower (worn)
Jewellery
 i - a ring of positive energy (left hand)
 v - a +6 ring of dexterity (right hand)
 D - an amulet of the acrobat (around neck)
Scrolls
 c - a scroll of enchant armour {unknown}
 f - a scroll of teleportation {unknown}
 h - a scroll of enchant weapon {unknown}
 k - a scroll of fear {unknown}
 l - a scroll of immolation
 n - a scroll of noise {unknown}
 p - 2 scrolls of vulnerability
 s - a scroll of poison {unknown}
 u - 2 scrolls of identify
 x - a scroll of summoning {unknown}
 y - a scroll of fog {unknown}
 z - a scroll of silence {unknown}
 H - a scroll of revelation {unknown}
Potions
 e - 6 potions of curing
 g - a potion of mutation {unknown}
 o - a potion of haste {unknown}
 q - a potion of berserk rage {unknown}
 t - 3 potions of lignification
 A - a potion of heal wounds {unknown}
 E - a potion of enlightenment {unknown}
 F - 2 potions of brilliance {unknown}
 G - 2 potions of magic {unknown}
 K - a potion of might {unknown}


   Skills:
 - Level 5.0 Fighting
 - Level 5.4(6.0) Short Blades
 - Level 3.3(4.9) Long Blades
 - Level 6.0 Throwing
 - Level 2.4 Dodging
 - Level 10.0 Stealth
 + Level 4.7 Shields
 + Level 3.1 Spellcasting
 + Level 3.0 Air Magic
 + Level 3.7 Alchemy


You had 13 spell levels left.
You knew the following spells:

 Your Spells              Type           Power      Damage    Failure   Level
a - Mercury Vapours       Alch/Air       26%        N/A       69%         2

Your spell library contained the following spells:

 Spells                   Type           Power      Damage    Failure   Level
 Swiftness                Air            12%        N/A       92%         3
 Mephitic Cloud           Conj/Alch/Air  9%         N/A       97%         3
 Call Imp                 Summ           4%         N/A       99%         2
 Ensorcelled Hibernation  Hex/Ice        4%         N/A       99%         2
 Sublimation of Blood     Necr           2%         N/A       99%         2
 Passwall                 Erth           2%         N/A       100%        3
 Tukima's Dance           Hex            2%         N/A       100%        3
 Passage of Golubria      Tloc           2%         N/A       100%        4
 Freezing Cloud           Conj/Ice/Air   2%         6-21      100%        5
 Yara's Violent Unravell  Hex/Alch       4%         3d4       100%        5
 Summon Hydra             Summ           1%         N/A       100%        7


Dungeon Overview and Level Annotations

Branches:
Dungeon (8/15)             Temple (1/1) D:7          Bailey (1/1)
   Lair: D:8-11

Altars:
Ashenzari
Cheibriados
Dithmenos
Elyvilon
Fedhas
Gozag
Hepliaklqana
Kikubaaqudgha
Makhleb
Nemelex Xobeh
Okawaru
Qazlal
Ru
Sif Muna
Trog
Uskayaw
Vehumet
Wu Jian
Xom
Yredelemnul
Zin
The Shining One

Shops:
D:5 (

Annotations:
D:6 3 runed translucent doors, exclusion: 3 doors, Zeor's ghost, novice DjGl


Innate Abilities, Weirdness & Mutations

Your serpentine skin is tough. (AC +3)
You have supernaturally acute eyesight. (SInv)
Armour fits poorly on your strangely shaped body.
Your system is resistant to poisons. (rPois)
You cover ground very slowly.
You can spit poison.
You have a snake-like lower body.


Message History

The vampire is blasted by the fury of Zin!
The vampire is severely damaged.
The vampire draws life force from you!
The vampire is healed by the life force!
You hit the vampire but do no damage.
The vampire is heavily damaged. "...the wrath of Zin, and thus be castigated!"
You finish reciting Anathema 10:51.
The vampire draws life force from you.
The vampire is healed by the life force!
The vampire hits you with a +0 vampiric halberd!
* * * LOW HITPOINT WARNING * * *
The vampire draws strength from your wounds!
The vampire bites you but does no damage.
Aiming: Imprison (61% risk of failure)
Press: ? - help, Dir - move target, f - vampire
Aim: a vampire, wielding a +0 vampiric halberd and wearing a +0 chain mail (moderately damaged, slightly transparent)
You need more space to imprison the vampire.
Unknown command.
Okay, then.
You hit the vampire but do no damage.
The vampire is moderately damaged.
The vampire casts a spell at you. You resist with almost no effort.
Unknown command.
You hit the vampire but do no damage.
The vampire is moderately damaged.
You are ready to recite again.
The vampire hits you with a +0 vampiric halberd.
* * * LOW HITPOINT WARNING * * *
The vampire draws strength from your wounds!
You block the vampire's attack. x2; The vampire barely misses you.
Activating: Recite (7% risk of failure)
Press: ? - help, Dir - look around, f - activate You clear your throat and prepare to recite. "What of the servants of Hell?
Castigated for their..."
The vampire is blasted by the fury of Zin!
The vampire is severely damaged.
The vampire hits you with a +0 vampiric halberd!!
You die...

#.......####....'
#8.....##..##...'
#########....#...#
#8...............#
#.........#......#
###''##...##....8#
##....##...#######
##......##..... #
#.@.##...#8..... #
#.V## #..####### #
#..# ..# #8.. .8#
##[[. !## ##([!
####


You could see a vampire (invisible).

Vanquished Creatures
  Sigmund (D:3)
  A steam dragon (D:8)
  A water moccasin (D:6)
  2 sky beasts
  An orc warrior (D:8)
  An ice beast (D:6)
  Duvessa (D:6)
  2 black bears (D:6)
  An ogre (D:5)
  4 phantoms
  A kobold brigand (D:5)
  Blork the orc (D:4)
  A bullfrog (D:6)
  2 scorpions
  3 wights (D:8)
  Dowan (D:6)
  7 vampire bats (Bailey)
  3 howler monkeys
  5 wolf zombies (Bailey)
  2 hounds (D:5)
  6 orc priests
  A bombardier beetle (D:5)
  3 gnoll boudas
  A jelly (D:7)
  5 iguanas
  5 orc wizards
  Robin (D:4)
  27 gnolls
  2 adders
  A shadow imp (D:7)
  A white imp (D:7)
  3 dart slugs
  4 ribbon worms
  38 orcs
  4 ball pythons
  4 bats
  11 endoplasms
  2 giant cockroaches (D:2)
  14 goblins
  9 hobgoblins
  8 jackals
  9 kobolds
  4 quokkas
  6 frilled lizards
  17 orc zombies (Bailey)
  A rat (D:1)
228 creatures vanquished.

Notes
Turn   | Place    | Note
-------+----------+-------------------------------------------
     0 | D:1      | belegose the Naga Monk began the quest for the Orb.
     0 | D:1      | Reached XP level 1. HP: 21/21 MP: 1/1
   154 | D:1      | Reached skill level 1 in Stealth
   188 | D:1      | Reached XP level 2. HP: 19/28 MP: 2/2
   759 | D:1      | Reached skill level 2 in Stealth
  1086 | D:2      | Found a faded altar of an unknown god.
  1131 | D:2      | Reached XP level 3. HP: 34/34 MP: 3/3
  1478 | D:2      | Reached skill level 1 in Short Blades
  1478 | D:2      | Reached XP level 4. HP: 17/43 MP: 4/4
  1639 | D:2      | Reached skill level 1 in Throwing
  1639 | D:2      | Reached skill level 3 in Stealth
  1782 | D:2      | You fall into a shaft and drop 2 floors!
  1784 | D:4      | Noticed Blork the orc
  1796 | D:4      | Killed Blork the orc
  1797 | D:4      | Reached XP level 5. HP: 36/50 MP: 5/5
  1970 | D:4      | Reached skill level 4 in Stealth
  2141 | D:3      | Reached XP level 6. HP: 52/57 MP: 6/6
  2177 | D:3      | Noticed Robin
  2291 | D:4      | Killed Robin
  2475 | D:3      | Noticed Sigmund
  2513 | D:3      | Killed Sigmund
  2514 | D:3      | Reached skill level 5 in Stealth
  2656 | D:4      | Reached XP level 7. HP: 50/66 MP: 7/7
  3175 | D:3      | Found an iron altar of Okawaru.
  3523 | D:4      | Reached skill level 5 in Fighting
  3523 | D:4      | Reached skill level 6 in Stealth
  3856 | D:4      | Reached XP level 8. HP: 52/74 MP: 8/8
  3866 | D:4      | Reached skill level 7 in Stealth
  4776 | D:5      | Entered Level 5 of the Dungeon
  5160 | D:5      | Reached skill level 8 in Stealth
  5347 | D:5      | Reached skill level 1 in Shields
  5374 | D:5      | Found Sieg Wew's Weapon Boutique.
  5500 | D:5      | Reached skill level 5 in Short Blades
  6038 | D:6      | Found a runed translucent gate.
  6051 | D:6      | Found a runed translucent gate.
  6052 | D:6      | Found a runed translucent gate.
  6065 | D:6      | Reached XP level 9. HP: 71/81 MP: 9/9
  6182 | D:6      | Reached skill level 9 in Stealth
  6205 | D:6      | Reached skill level 5 in Throwing
  6340 | D:6      | Noticed Dowan
  6345 | D:6      | Noticed Duvessa
  6384 | D:6      | Killed Dowan
  6567 | D:6      | Found a shadowy altar of Dithmenos.
  6572 | D:6      | Found a bloodstained altar of Trog.
  7012 | D:6      | Noticed Zeor's ghost (novice DjGl)
  7066 | D:6      | Killed Duvessa
  7067 | D:6      | Reached skill level 10 in Stealth
  7189 | D:6      | Learned a level 2 spell: Mercury Vapours
  7674 | D:7      | Found a staircase to the Ecumenical Temple.
  7680 | Temple   | Entered the Ecumenical Temple
  7698 | Temple   | Became a worshipper of Zin the Law-Giver
  7698 | Temple   | Reached * piety under Zin
  7698 | Temple   | Reached ** piety under Zin
  7698 | Temple   | Reached *** piety under Zin
  8193 | D:7      | Reached skill level 1 in Alchemy
  8423 | D:8      | Reached skill level 1 in Air Magic
  8432 | D:7      | Reached skill level 1 in Spellcasting
  8478 | D:8      | Zin protects you from harm!
  8611 | D:8      | Found a flagged portal.
  8645 | Bailey   | Entered a bailey
  8833 | Bailey   | Reached XP level 10. HP: 78/88 MP: 13/13
  8992 | Bailey   | Reached **** piety under Zin
  9129 | Bailey   | Identified the +2 robe of the Will of the Gods {^Drain +Inv
                  | rPois Archmagi}
  9217 | Bailey   | Found the +2 cloak of the Thief {*Fog Slay-2 SInv Stlth+}
  9245 | Bailey   | Slain by a vampire

Illustrated notes

Levels and vault maps discovered:
D:1:      saegor_arrival_simple_e, layout_basic
D:2:      layout_rooms, basic_ecumenical_altar
D:3:      layout_rooms, okawaru_trees_1, uniq_robin, uniq_sigmund
D:4:      layout_basic, uniq_blork_the_orc
D:5:      layout_loops_cross, serial_shops, nicolae_lakefront_shop
D:6:      layout_gridville, grunt_temple_overflow_open, gammafunk_ghost_icy,
          uniq_duvessa
D:7:      layout_basic, minmay_temple_entry_waves
D:8:      layout_basic, enter_bailey_5
Temple:   hellmonk_temple_of_storms
Bailey:   bailey_polearm_vampire_castle_hellmonk, bailey

Skill      XL: |  1  2  3  4  5  6  7  8  9 10 |
---------------+-------------------------------+-----
Stealth        | 1 2 3 4 5 6 8 10 | 10.0
Short Blades   | 1 2 3 4 5 |  5.4
Throwing       | 1 2 3 4 6 |  6.0
Fighting       | 4 5 |  5.0
Shields        | 2 4 |  4.7
Alchemy        | 3 |  3.7
Air Magic      | 2 3 |  3.0
Spellcasting   | 2 3 |  3.1
Long Blades    | |  3.3
Dodging        | |  2.4

Action                     |  1- 3 |  4- 6 |  7- 9 | 10-12 || total
---------------------------+-------+-------+-------+-------++-------
  Melee: Falchion          |    46 |       |   151 |   178 ||   375
         Dagger            |    48 |   133 |   382 |       ||   563
  Throw: Boomerang         |       |     4 |    11 |     3 ||    18
         Dart              |       |     1 |     8 |     1 ||    10
 Invoke: Recite            |       |       |     1 |     3 ||     4
Ability: Spit Poison       |       |     1 |     6 |       ||     7
    Use: Potion            |       |       |     2 |       ||     2
         Scroll            |       |       |     3 |     1 ||     4
   Stab: Sleeping          |       |       |    16 |     4 ||    20
 Armour: Robe              |    48 |   121 |   283 |   100 ||   552
  Dodge: Dodged            |    49 |   104 |   173 |    55 ||   381
  Block: Tower shield      |       |       |   274 |   206 ||   480
